 Dungeon Crawl Stone Soup version 0.29.1-15-g9cfb28693d (webtiles) character file.

Game seed: 8664191264780717409

4814 BuddhaDhamma the Severer (level 10, 0/77 HPs)
             Began as a Minotaur Berserker on Mar 21, 2023.
             Was an Elder of Trog.
             Slain by a yak (13 damage)
             ... on level 9 of the Dungeon.
             The game lasted 00:14:18 (6266 turns).

BuddhaDhamma the Severer (Minotaur Berserker)       Turns: 6266, Time: 00:14:19

Health: 0/77       AC:  8    Str: 31    XL:     10   Next: 24%
Magic:  9/9        EV:  7    Int:  4    God:    Trog [****..]
Gold:   673        SH:  8    Dex: 10    Spells: 9/9 levels left

rFire   x . .      SeeInvis .   a - +1 hand axe
rCold   . . .      Faith    .   B - +2 kite shield
rNeg    . . .      Spirit   .   C - +0 chain mail
rPois   .          Reflect  .   (helmet restricted)
rElec   +          Harm     .   (no cloak)
rCorr   +          Rampage  .   (no gloves)
Will    .....                   (no boots)
Stlth   ..........              f - amulet of regeneration
HPRegen 1.02/turn               l - +4 ring of slaying
MPRegen 0.11/turn               t - ring of Xadgharos {rElec rF- rCorr Str+5}

@: no status effects
A: horns 2, retaliatory headbutt
a: Renounce Religion, Berserk, Trog's Hand, Brothers in Arms


You were on level 9 of the Dungeon.
You worshipped Trog.
Trog was greatly pleased with you.
You visited 1 branch of the dungeon, and saw 9 of its levels.
You also visited: Ossuary.

You collected 673 gold pieces.

Inventory:

Hand Weapons
 a - a +1 hand axe (weapon)
Missiles
 i - 6 poisoned darts
 y - 2 throwing nets (quivered)
Armour
 B - a +2 kite shield (worn)
 C - a +0 chain mail (worn)
Jewellery
 f - an amulet of regeneration (around neck)
 l - a +4 ring of slaying (left hand)
 m - a ring of protection from cold
 n - a ring of see invisible
 o - an amulet of reflection
 q - a ring of resist corrosion
 t - the ring of Xadgharos (right hand) {rElec rF- rCorr Str+5}
   (You found it on level 5 of the Dungeon)

   [ring of resist corrosion]

   Str:       It affects your strength (+5).
   rF:        It makes you vulnerable to fire.
   rElec:     It insulates you from electricity.
   rCorr:     It protects you from acid and corrosion.
 G - a +4 ring of protection
Wands
 x - a wand of charming (14)
Scrolls
 e - 4 scrolls of teleportation
 g - a scroll of enchant weapon
 h - a scroll of magic mapping
 p - 3 scrolls of poison
 v - 6 scrolls of fear
 E - a scroll of butterflies
 F - 2 scrolls of blinking
Potions
 b - 2 potions of might {unknown}
 c - a potion of cancellation {unknown}
 d - 2 potions of lignification
 j - 7 potions of curing
 k - 3 potions of attraction {unknown}
 r - 3 potions of mutation
 s - 2 potions of haste
 u - 2 potions of berserk rage {unknown}
 w - 3 potions of brilliance {unknown}
 z - 2 potions of flight {unknown}
 A - 2 potions of magic {unknown}
 D - a potion of heal wounds {unknown}


   Skills:
 - Level 3.6 Fighting
 + Level 17.8 Axes
 - Level 2.4 Armour
 - Level 2.1 Dodging


You had 9 spell levels left.
You didn't know any spells.
Your spell library was empty.

Dungeon Overview and Level Annotations

Branches:
Dungeon (9/15)             Temple (0/1) D:7         Ossuary (visited)
   Lair: D:8-11         Orc: D:9-12

Altars:
Dithmenos
Elyvilon
Gozag
Hepliaklqana
Makhleb
Okawaru
Ru
Sif Muna
Xom
The Shining One

Shops:
D:7 =


Innate Abilities, Weirdness & Mutations

You have a pair of horns on your head.
You reflexively headbutt those who attack you in melee.


Message History

a +0 dagger; a stone You hit the yak.
The yak is lightly wounded.
You slash the yak! You barely miss the yak. You headbutt the yak.
The yak is moderately wounded.
You hit the yak. You block the yak's attack. The yak gores you.
You hit the yak.
The yak is moderately wounded.
You barely miss the yak. The yak gores you but does no damage.
The yak gores you.
You slash the yak!
The yak is heavily wounded.
You hit the yak. You block the yak's attack. x2
You hit the yak. You headbutt the yak, but do no damage.
The yak is severely wounded.
You slash the yak! The yak gores you. The yak gores you!
You slash the yak! You headbutt the yak.
You kill the yak!
Trog accepts your kill.
You hit the yak. The yak barely misses you. You furiously retaliate!
You headbutt the yak. The yak closely misses you.
Things that are here:
a +0 short sword; a yak corpse; a kobold corpse The yak gores you but does no damage. x2
Things that are here:
+0 steam dragon scales; a steam dragon corpse The yak gores you!
You slash the yak!
You kill the yak!
Trog accepts your kill.
You hit the yak but do no damage. The yak gores you.
* * * LOW HITPOINT WARNING * * *
The yak gores you!
* * * LOW HITPOINT WARNING * * *
You closely miss the yak. You block the yak's attack.
You barely miss the yak. You headbutt the yak, but do no damage.
The yak gores you!
You die...

#.#.. .# .#..
...##.##.#..
###...#......#..
##.....#...........
##.................#
#......)...)........
#...†.)).........(..
#.)<)))[........... .
#...)..Y@.......# ..
#...............# ...
##..............#..#.
##.....#............
##########.#.....##
#......... ##.......#
......... ...##..#.#


You could see a yak.

Vanquished Creatures
  A two-headed ogre (D:9)
  Joseph (D:7)
  A hornet (D:8)
  5 yaks (D:9)
  2 steam dragons
  Edmund (D:6)
  A water moccasin (D:7)
  A sky beast (D:6)
  A black bear (D:5)
  An orc warrior (D:6)
  3 ice beasts
  An ogre (D:6)
  2 centaurs
  A kobold brigand (D:9)
  A scorpion (D:5)
  6 bullfrogs
  A necrophage (D:6)
  5 wights (D:6)
  2 jellies
  4 orc priests
  A hound (D:4)
  A gnoll bouda (D:6)
  3 iguanas
  3 orc wizards
  8 mummies (Ossuary)
  9 gnolls
  10 adders
  4 shadow imps
  An ufetubus (D:6)
  A worm (D:4)
  A dart slug (D:1)
  18 orcs
  7 endoplasms
  2 giant cockroaches
  10 goblins
  10 hobgoblins
  8 jackals
  A quokka (D:2)
  8 ball pythons
  9 bats
  4 frilled lizards
  2 gnoll zombies (Ossuary)
  2 hobgoblin zombies (Ossuary)
  11 kobolds
  3 kobold zombies (Ossuary)
  An orc zombie (Ossuary)
  6 rats
185 creatures vanquished.

Vanquished Creatures (others)
  A bullfrog (D:9)
  A quokka (D:4)
2 creatures vanquished.

Grand Total: 187 creatures vanquished

Notes
Turn   | Place    | Note
-------+----------+-------------------------------------------
     0 | D:1      | BuddhaDhamma the Minotaur Berserker began the quest for the
                  | Orb.
     0 | D:1      | Reached XP level 1. HP: 19/19 MP: 0/0
   150 | D:1      | Found a faded altar of an unknown god.
   184 | D:1      | Reached skill level 4 in Axes
   224 | D:1      | Reached XP level 2. HP: 25/26 MP: 1/1
   529 | D:1      | Reached skill level 5 in Axes
   624 | D:1      | Reached XP level 3. HP: 30/31 MP: 2/2
   626 | D:1      | Reached ** piety under Trog
  1331 | D:2      | Reached XP level 4. HP: 37/39 MP: 3/3
  1332 | D:2      | Reached skill level 6 in Axes
  1608 | D:3      | Reached skill level 7 in Axes
  1608 | D:3      | Reached XP level 5. HP: 32/45 MP: 4/4
  1976 | D:4      | Reached *** piety under Trog
  2000 | D:4      | Noticed an ice beast
  2005 | D:4      | Reached skill level 8 in Axes
  2010 | D:4      | Killed an ice beast
  2011 | D:4      | Reached XP level 6. HP: 51/51 MP: 5/5
  2073 | D:4      | Found a white marble altar of Elyvilon.
  2173 | D:4      | Found a burning altar of Makhleb.
  2381 | D:4      | Found a glowing golden altar of the Shining One.
  2755 | D:5      | Entered Level 5 of the Dungeon
  2764 | D:5      | Reached skill level 9 in Axes
  2824 | D:5      | Noticed an ice beast
  2828 | D:5      | Reached XP level 7. HP: 45/57 MP: 6/6
  2836 | D:5      | Reached skill level 10 in Axes
  2871 | D:5      | Found an iron altar of Okawaru.
  3097 | D:5      | Identified the ring of Xadgharos {rElec rF- rCorr Str+5}
  3390 | D:6      | Reached skill level 11 in Axes
  3735 | D:6      | Found a sacrificial altar of Ru.
  3758 | D:6      | Reached XP level 8. HP: 64/64 MP: 7/7
  3863 | D:6      | Reached skill level 12 in Axes
  3912 | D:6      | Reached **** piety under Trog
  4003 | D:6      | Reached skill level 13 in Axes
  4109 | D:6      | Found a hazy altar of Hepliaklqana.
  4110 | D:6      | Noticed Edmund
  4111 | D:6      | Found a faded altar of an unknown god.
  4116 | D:6      | Killed Edmund
  4268 | D:6      | Reached skill level 14 in Axes
  4389 | D:7      | Found a staircase to the Ecumenical Temple.
  4418 | D:7      | Reached XP level 9. HP: 65/70 MP: 8/8
  4435 | D:7      | Found Zosopp's Jewellery Shoppe.
  4486 | D:7      | Found a shimmering altar of Xom.
  4486 | D:7      | Found a shimmering altar of Xom.
  4487 | D:7      | Found a shimmering altar of Xom.
  4487 | D:7      | Found a shimmering altar of Xom.
  4487 | D:7      | Found a shimmering altar of Xom.
  4487 | D:7      | Noticed Joseph
  4502 | D:7      | Killed Joseph
  4531 | D:7      | Reached skill level 15 in Axes
  4531 | D:7      | Found a shimmering altar of Xom.
  4641 | D:7      | Found a shimmering blue altar of Sif Muna.
  4706 | D:7      | Found a sand-covered staircase.
  4714 | Ossuary  | Entered an ossuary
  4999 | D:7      | Found a shadowy altar of Dithmenos.
  5309 | D:8      | Paralysed by a hornet for 2 turns
  5314 | D:8      | Reached skill level 16 in Axes
  5888 | D:8      | Found an opulent altar of Gozag.
  6162 | D:9      | Noticed a two-headed ogre
  6170 | D:9      | Killed a two-headed ogre
  6171 | D:9      | Reached skill level 17 in Axes
  6171 | D:9      | Reached XP level 10. HP: 65/77 MP: 9/9
  6266 | D:9      | Slain by a yak

Illustrated notes

Levels and vault maps discovered:
D:1:      erik_arrival_triangle_large, layout_basic,
          hellmonk_ecumenical_altar_crossroads
D:2:      layout_rooms, patterned_corridor
D:3:      layout_rooms
D:4:      layout_loops_cross, elyvilon_altar_4, lightli_temple_of_fire,
          tso_oasis_becter
D:5:      layout_cave_pools, nicolae_overflow_hidden_temple,
          nicolae_concentric_dashed_squares_mild,
          hangedman_abyss_or_decor_jellyfish_corner,
          nicolae_elevator_lobby_asterisk
D:6:      layout_gridville, beargit_hepliaklqana_dungeon_heroes,
          general_overflow_altar
D:7:      layout_rooms, nicolae_sif_muna_little_library, xom_redecorated,
          lemuel_doored_altar, minmay_temple_entry_statues_pillars,
          enter_ossuary_2, serial_shops, shop, minmay_misc_feat_rows,
          minmay_misc_feat_square, uniq_joseph
D:8:      layout_basic, grunt_gozag_breadcrumbs, minmay_misc_feat_five,
          corner_web_ring, lemuel_flame_loot_1
D:9:      layout_rooms, erik_lair_orcish_takeover

Skill      XL: |  1  2  3  4  5  6  7  8  9 |
---------------+----------------------------+-----
Axes           | 4 5 7 8 9 11 14 17 | 17.8
Fighting       | |  3.6
Armour         | |  2.4
Dodging        | |  2.1

Action                   |  1- 3 |  4- 6 |  7- 9 | 10-12 || total
-------------------------+-------+-------+-------+-------++-------
Melee: Hand axe          |    80 |    92 |   198 |    19 ||   389
       Headbutt          |     9 |    13 |    41 |     5 ||    68
       Punch             |     1 |       |     1 |       ||     2
Throw: Dart              |    10 |     3 |     4 |       ||    17
Invok: Berserk           |       |     2 |     5 |       ||     7
  Use: Scroll            |       |    12 |     2 |       ||    14
Armor: Ring mail         |    24 |    27 |    27 |       ||    78
       Chain mail        |       |       |    23 |    10 ||    33
Dodge: Dodged            |    63 |    34 |    56 |     8 ||   161
Block: Kite shield       |       |       |    31 |    10 ||    41
